TOP OF THE 1ST |
Louisville Bats batting - Pitching for Syracuse Chiefs : RHP Bill Tulk
|
Pitching: RHP Bill Tulk
|
|
Batting: SHB Paul Sandoval
|
0-0: Ground out 4-3 (Groundball, 4, EV 78.1 MPH)
|
Batting: RHB Juan Reyes
|
0-0: Called Strike 0-1: Ball 1-1: Ball 2-1: Ball 3-1: Foul Ball, location: 2F 3-2: Foul Ball, location: 2F 3-2: Ground out 5-3 (Groundball, 5L, EV 77.5 MPH)
|
Batting: RHB Bruno André
|
0-0: Ball 1-0: Ball 2-0: Called Strike 2-1: Ground out 5-3 (Groundball, 56, EV 89.4 MPH)
|
Top of the 1st over - 0 runs, 0 hits, 0 errors, 0 left on base; Louisville 0 - Syracuse 0 |
BOTTOM OF THE 1ST |
Syracuse Chiefs batting - Pitching for Louisville Bats : LHP Marco Berrios
|
Pitching: LHP Marco Berrios
|
|
Batting: RHB Paul Shell
|
0-0: Fly out, F8 (Line Drive, 8RD, EV 98.8 MPH)
|
Batting: RHB Naofumi Ishida
|
0-0: Called Strike 0-1: Foul Ball, location: 2F 0-2: Foul Ball, location: 2F 0-2: Foul Ball, location: 2F 0-2: Fly out, F8 (Flyball, 8RM, EV 92.5 MPH)
|
Batting: RHB Jim Miske
|
0-0: Fly out, F5 (Line Drive, 56, EV 67.5 MPH)
|
Bottom of the 1st over - 0 runs, 0 hits, 0 errors, 0 left on base; Louisville 0 - Syracuse 0 |
TOP OF THE 2ND |
Louisville Bats batting - Pitching for Syracuse Chiefs : RHP Bill Tulk
|
Batting: SHB Freddie Farrar
|
0-0: Ground out 4-3 (Groundball, 34, EV 78.1 MPH)
|
Batting: RHB Jonathan Robies
|
0-0: Ball 1-0: Ball 2-0: Ball 3-0: Called Strike 3-1: Base on Balls
|
Batting: RHB Pedro Pinero
|
0-0: Called Strike 0-1: Called Strike 0-2: Foul Ball, location: 2F 0-2: Ball 1-2: Ball 2-2: Fly out, F9 (Flyball, 89S, EV 93.8 MPH)
|
Batting: LHB Satoru Handa
|
0-0: Ball Jonathan Robies steals 2nd base 1-0: Ball 2-0: Ground out 5-3 (Groundball, 56, EV 103.1 MPH)
|
Top of the 2nd over - 0 runs, 0 hits, 0 errors, 1 left on base; Louisville 0 - Syracuse 0 |
BOTTOM OF THE 2ND |
Syracuse Chiefs batting - Pitching for Louisville Bats : LHP Marco Berrios
|
Batting: RHB Kevin Whitenack
|
0-0: Ball 1-0: DOUBLE (Line Drive, 89D, EV 108.8 MPH)
|
Batting: LHB Alexis Cantu
|
0-0: Swinging Strike 0-1: DOUBLE (Line Drive, 5D, EV 99.4 MPH) Kevin Whitenack scores
|
Batting: RHB Mike Buchanan
|
0-0: Ball 1-0: Called Strike 1-1: Fly out, F7 (Flyball, 78M, EV 91.9 MPH)
|
Batting: LHB Dillon Gonzalez
|
0-0: Ball 1-0: Ball 2-0: Foul Ball, location: 2F 2-1: Foul Ball, location: 2F 2-2: Ball 3-2: Strikes out swinging
|
Batting: LHB Doug Anderson
|
0-0: Ball 1-0: Ball 2-0: Foul Ball, location: 2F 2-1: Foul Ball, location: 2F 2-2: Strikes out looking
|
Bottom of the 2nd over - 1 run, 2 hits, 0 errors, 1 left on base; Louisville 0 - Syracuse 1 |
TOP OF THE 3RD |
Louisville Bats batting - Pitching for Syracuse Chiefs : RHP Bill Tulk
|
Batting: RHB Danny Real
|
0-0: Ball 1-0: Ball 2-0: Swinging Strike 2-1: Ball 3-1: Foul Ball, location: 2F 3-2: Ground out 5-3 (Groundball, 56, EV 84.4 MPH)
|
Batting: RHB Ryan Short
|
0-0: Called Strike 0-1: Foul Ball, location: 2F 0-2: Fly out, F8 (Flyball, 8RD, EV 90.6 MPH)
|
Batting: SHB Paul Sandoval
|
0-0: Foul Ball, location: 2F 0-1: Ball 1-1: Called Strike 1-2: Ball 2-2: Ball 3-2: SINGLE (Groundball, 15S, EV 69.4 MPH) (infield hit)
|
Batting: RHB Juan Reyes
|
0-0: Called Strike 0-1: Swinging Strike 0-2: Ball 1-2: Foul Ball, location: 2F 1-2: Strikes out swinging
|
Top of the 3rd over - 0 runs, 1 hit, 0 errors, 1 left on base; Louisville 0 - Syracuse 1 |
BOTTOM OF THE 3RD |
Syracuse Chiefs batting - Pitching for Louisville Bats : LHP Marco Berrios
|
Batting: LHB Tom Reynolds
|
0-0: SOLO HOME RUN (Flyball, 9D, EV 95.6 MPH), Distance : 366 ft
|
Batting: RHB Paul Shell
|
0-0: Ball 1-0: Ball 2-0: Called Strike 2-1: Ball 3-1: Foul Ball, location: 2F 3-2: DOUBLE (Flyball, 78D, EV 113.8 MPH)
|
Batting: RHB Naofumi Ishida
|
0-0: Called Strike 0-1: Ball 1-1: Foul Ball, location: 2F 1-2: Fly out, F9 (Line Drive, 89M, EV 90.6 MPH)
|
Batting: RHB Jim Miske
|
0-0: Ball Paul Shell steals 3rd base 1-0: Foul Ball, location: 2F 1-1: Ball 2-1: Ball 3-1: Ground out U3 (Groundball, 34S, EV 67.5 MPH) Paul Shell scores
|
Batting: RHB Kevin Whitenack
|
0-0: Called Strike 0-1: Called Strike 0-2: Ball 1-2: Ground out 1-3 (Groundball, 13, EV 68.1 MPH)
|
Bottom of the 3rd over - 2 runs, 2 hits, 0 errors, 0 left on base; Louisville 0 - Syracuse 3 |
TOP OF THE 4TH |
Louisville Bats batting - Pitching for Syracuse Chiefs : RHP Bill Tulk
|
Batting: RHB Bruno André
|
0-0: Called Strike 0-1: Ball 1-1: Swinging Strike 1-2: Strikes out swinging
|
Batting: SHB Freddie Farrar
|
0-0: Foul Ball, location: 2F 0-1: Foul Ball, location: 2F 0-2: Foul Ball, location: 2F 0-2: Foul Ball, location: 2F 0-2: Ball 1-2: Ball 2-2: Foul Ball, location: 2F 2-2: Ball 3-2: Ground out 4-3 (Groundball, 4, EV 86.2 MPH)
|
Batting: RHB Jonathan Robies
|
0-0: Called Strike 0-1: Called Strike 0-2: Ball 1-2: Foul Ball, location: 2F 1-2: Ball 2-2: Foul Ball, location: 2F 2-2: Strikes out swinging
|
Top of the 4th over - 0 runs, 0 hits, 0 errors, 0 left on base; Louisville 0 - Syracuse 3 |
BOTTOM OF THE 4TH |
Syracuse Chiefs batting - Pitching for Louisville Bats : LHP Marco Berrios
|
Batting: LHB Alexis Cantu
|
0-0: Called Strike 0-1: Ball 1-1: Foul Ball, location: 2F 1-2: Ball 2-2: Ground out 3-1 (Groundball, 3D, EV 80.0 MPH)
|
Batting: RHB Mike Buchanan
|
0-0: Called Strike 0-1: Ball 1-1: Ball 2-1: Fly out, F8 (Flyball, 8LXD, EV 92.5 MPH)
|
Batting: LHB Dillon Gonzalez
|
0-0: Ball 1-0: Ball 2-0: Foul Ball, location: 2F 2-1: Ball 3-1: Base on Balls
|
Batting: LHB Doug Anderson
|
0-0: Called Strike 0-1: Swinging Strike 0-2: SINGLE (Flyball, 5D, EV 96.2 MPH) Dillon Gonzalez to second
|
Batting: LHB Tom Reynolds
|
0-0: Foul Ball, location: 2F 0-1: Ball 1-1: Ground out 4-3 (Groundball, 4MD, EV 87.5 MPH)
|
Bottom of the 4th over - 0 runs, 1 hit, 0 errors, 2 left on base; Louisville 0 - Syracuse 3 |
TOP OF THE 5TH |
Louisville Bats batting - Pitching for Syracuse Chiefs : RHP Bill Tulk
|
Batting: RHB Pedro Pinero
|
0-0: SINGLE (Groundball, 4MD, EV 96.9 MPH)
|
Batting: LHB Satoru Handa
|
0-0: Ball 1-0: Fielders Choice at 2nd, 5-4 (Groundball, 56, EV 81.9 MPH)
|
Batting: RHB Danny Real
|
0-0: Ball Satoru Handa is caught stealing 2nd base 2-4 1-0: Swinging Strike 1-1: Foul Ball, location: 2F 1-2: Foul Ball, location: 2F 1-2: Ball 2-2: DOUBLE (Line Drive, 89D, EV 108.8 MPH)
|
Batting: RHB Ryan Short
|
0-0: Ball 1-0: Ball 2-0: Called Strike 2-1: Ground out U3 (Groundball, 3L, EV 86.2 MPH)
|
Top of the 5th over - 0 runs, 2 hits, 0 errors, 1 left on base; Louisville 0 - Syracuse 3 |
BOTTOM OF THE 5TH |
Syracuse Chiefs batting - Pitching for Louisville Bats : LHP Marco Berrios
|
Batting: RHB Paul Shell
|
0-0: Foul Ball, location: 2F 0-1: SINGLE (Groundball, 56D, EV 98.1 MPH)
|
Batting: RHB Naofumi Ishida
|
0-0: Swinging Strike 0-1: Ball 1-1: Called Strike 1-2: Ball 2-2: SINGLE (Groundball, 56, EV 101.9 MPH) Paul Shell to second Runner from 2nd tries for 3rd, SAFE, throw by LF made to third
|
Batting: RHB Jim Miske
|
0-0: Swinging Strike 0-1: SINGLE (Groundball, 56D, EV 103.8 MPH) Paul Shell scores Naofumi Ishida to second
|
Batting: RHB Kevin Whitenack
|
0-0: Ball 1-0: Ball 2-0: Ball 3-0: Called Strike 3-1: Base on Balls Naofumi Ishida to third Jim Miske to second
|
Batting: LHB Alexis Cantu
|
0-0: Grounds into fielders choice 1-2 (Groundball, 15S, EV 63.8 MPH) Jim Miske to third Kevin Whitenack to second
|
Batting: RHB Mike Buchanan
|
0-0: Fielders Choice at 2nd, 5-4 (Groundball, 56, EV 105.6 MPH) Jim Miske scores Kevin Whitenack to third
|
Pitching: RHP Hideki Kobayashi
|
|
Batting: LHB Dillon Gonzalez
|
0-0: Ball 1-0: SINGLE (Flyball, 6D, EV 91.2 MPH) Kevin Whitenack scores Mike Buchanan to second
|
Batting: LHB Doug Anderson
|
0-0: Swinging Strike 0-1: Ball 1-1: Swinging Strike 1-2: Foul Ball, location: 2F 1-2: Ball 2-2: Foul Ball, location: 2F 2-2: Foul Ball, location: 2F 2-2: Ball 3-2: Foul Ball, location: 2F 3-2: Strikes out swinging
|
Bottom of the 5th over - 3 runs, 4 hits, 0 errors, 2 left on base; Louisville 0 - Syracuse 6 |
TOP OF THE 6TH |
Louisville Bats batting - Pitching for Syracuse Chiefs : RHP Bill Tulk
|
Batting: SHB Paul Sandoval
|
0-0: Ball 1-0: Called Strike 1-1: Foul Ball, location: 2F 1-2: Fly out, F8 (Flyball, 8LM, EV 83.8 MPH)
|
Batting: RHB Juan Reyes
|
0-0: Ball 1-0: Ball 2-0: Ball 3-0: Base on Balls
|
Batting: RHB Bruno André
|
0-0: Foul Ball, location: 2F 0-1: Swinging Strike 0-2: Ball 1-2: Fly out, F8 (Flyball, 8RM, EV 82.5 MPH)
|
Batting: SHB Freddie Farrar
|
0-0: Ball 1-0: Ball 2-0: Ball 3-0: Base on Balls Juan Reyes to second
|
Batting: RHB Jonathan Robies
|
0-0: Called Strike 0-1: Swinging Strike 0-2: Ground out 4-3 (Groundball, 4, EV 102.5 MPH)
|
Top of the 6th over - 0 runs, 0 hits, 0 errors, 2 left on base; Louisville 0 - Syracuse 6 |
BOTTOM OF THE 6TH |
Syracuse Chiefs batting - Pitching for Louisville Bats : RHP Hideki Kobayashi
|
Batting: LHB Tom Reynolds
|
0-0: Called Strike 0-1: Ball 1-1: Ground out 4-3 (Groundball, 4S, EV 81.2 MPH)
|
Batting: RHB Paul Shell
|
0-0: Called Strike 0-1: Fly out, F9 (Flyball, 9S, EV 91.2 MPH)
|
Batting: RHB Naofumi Ishida
|
0-0: Called Strike 0-1: Called Strike 0-2: Strikes out swinging
|
Bottom of the 6th over - 0 runs, 0 hits, 0 errors, 0 left on base; Louisville 0 - Syracuse 6 |
TOP OF THE 7TH |
Louisville Bats batting - Pitching for Syracuse Chiefs : RHP Bill Tulk
|
Batting: RHB Pedro Pinero
|
0-0: Ball 1-0: SINGLE (Groundball, 56S, EV 72.5 MPH) (infield hit)
|
Pinch Runner at 1st Jay Jacobson:
|
|
Batting: LHB Satoru Handa
|
0-0: Called Strike 0-1: Foul Ball, location: 2F 0-2: Strikes out looking
|
Batting: RHB Danny Real
|
0-0: 2-RUN HOME RUN (Flyball, 7D, EV 93.8 MPH), Distance : 369 ft
|
Batting: RHB Ryan Short
|
0-0: SINGLE (Groundball, 4MD, EV 99.4 MPH)
|
Batting: SHB Paul Sandoval
|
0-0: Swinging Strike 0-1: Ball Ryan Short steals 2nd base 1-1: Bunt missed! 1-2: Foul Ball, location: 2F 1-2: Foul Ball, location: 2F 1-2: Strikes out swinging
|
Pitching: LHP Mike Alcaraz
|
|
Batting: RHB Juan Reyes
|
0-0: Ball 1-0: Called Strike 1-1: Called Strike 1-2: DOUBLE (Flyball, 78D, EV 95.0 MPH) Ryan Short scores
|
Batting: RHB Bruno André
|
0-0: Ball Passed Ball! Juan Reyes to third 1-0: Ball 2-0: Foul Ball, location: 2F 2-1: Swinging Strike 2-2: Ball 3-2: 2-RUN HOME RUN (Flyball, 7D, EV 96.9 MPH), Distance : 366 ft
|
Batting: SHB Freddie Farrar
|
0-0: Ball 1-0: Called Strike 1-1: Foul Ball, location: 2F 1-2: Ground out 6-3 (Groundball, 6M, EV 85.6 MPH)
|
Top of the 7th over - 5 runs, 5 hits, 0 errors, 0 left on base; Louisville 5 - Syracuse 6 |
BOTTOM OF THE 7TH |
Syracuse Chiefs batting - Pitching for Louisville Bats : RHP Hideki Kobayashi
|
Now at 2B: Colin Lord
|
|
Batting: RHB Jim Miske
|
0-0: Ground out 5-3 (Groundball, 56, EV 91.2 MPH)
|
Batting: RHB Kevin Whitenack
|
0-0: Called Strike 0-1: Foul Ball, location: 2F 0-2: Ball 1-2: Ground out 4-3 (Groundball, 4, EV 90.6 MPH)
|
Batting: LHB Alexis Cantu
|
0-0: Called Strike 0-1: SINGLE (Groundball, 34S, EV 72.5 MPH) (infield hit)
|
Batting: RHB Mike Buchanan
|
0-0: Ball 1-0: 2-RUN HOME RUN (Flyball, 9LD, EV 90.0 MPH), Distance : 326 ft
|
Batting: LHB Dillon Gonzalez
|
0-0: Called Strike 0-1: Ball 1-1: Ball 2-1: Ball 3-1: Base on Balls
|
Batting: LHB Doug Anderson
|
0-0: Called Strike 0-1: Ball 1-1: Ground out 1-3 (Groundball, 15S, EV 70.0 MPH)
|
Bottom of the 7th over - 2 runs, 2 hits, 0 errors, 1 left on base; Louisville 5 - Syracuse 8 |
TOP OF THE 8TH |
Louisville Bats batting - Pitching for Syracuse Chiefs : LHP Mike Alcaraz
|
Batting: RHB Jonathan Robies
|
0-0: Ball 1-0: Ball 2-0: Called Strike 2-1: Ball 3-1: Ground out 1-3 (Groundball, 25, EV 70.0 MPH)
|
Batting: RHB Colin Lord
|
0-0: Ball 1-0: Ball 2-0: Ground out 6-3 (Groundball, 6, EV 105.6 MPH)
|
Batting: LHB Satoru Handa
|
0-0: Called Strike 0-1: Ball 1-1: Ball 2-1: Fly out, F7 (Flyball, 7LMF, EV 93.1 MPH)
|
Top of the 8th over - 0 runs, 0 hits, 0 errors, 0 left on base; Louisville 5 - Syracuse 8 |
BOTTOM OF THE 8TH |
Syracuse Chiefs batting - Pitching for Louisville Bats : RHP Hideki Kobayashi
|
Pitching: RHP André Gaillard
|
|
Batting: LHB Tom Reynolds
|
0-0: Fly out, F7 (Flyball, 7, EV 75.6 MPH)
|
Batting: RHB Paul Shell
|
0-0: Ground out U3 (Groundball, 13, EV 85.6 MPH)
|
Batting: RHB Naofumi Ishida
|
0-0: Ball 1-0: SINGLE (Line Drive, 9S, EV 101.2 MPH)
|
Batting: RHB Jim Miske
|
0-0: Ball 1-0: Ball 2-0: Called Strike 2-1: Fielders Choice at 2nd, 6-4 (Groundball, 56, EV 103.8 MPH)
|
Bottom of the 8th over - 0 runs, 1 hit, 0 errors, 1 left on base; Louisville 5 - Syracuse 8 |
TOP OF THE 9TH |
Louisville Bats batting - Pitching for Syracuse Chiefs : LHP Mike Alcaraz
|
Pitching: LHP Kerry Baty
|
|
Batting: RHB Danny Real
|
0-0: Ball 1-0: Fly out, F2 (Popup, 2LF, EV 83.8 MPH)
|
Batting: RHB Ryan Short
|
0-0: Ball 1-0: Swinging Strike 1-1: SINGLE (Groundball, 6S, EV 94.4 MPH)
|
Batting: SHB Paul Sandoval
|
0-0: Called Strike 0-1: Ball 1-1: Foul Ball, location: 2F 1-2: Fielders Choice at 2nd, 6-4 (Groundball, 6, EV 85.0 MPH)
|
Batting: RHB Juan Reyes
|
0-0: Swinging Strike 0-1: Fly out, F7 (Flyball, 7LD, EV 91.2 MPH)
|
Top of the 9th over - 0 runs, 1 hit, 0 errors, 1 left on base; Louisville 5 - Syracuse 8 |
|